 Dungeon Crawl Stone Soup version 0.25-a0-108-gda8bd6cf83 (webtiles) character file.

Game seed: 16023867625354737009, levelgen mode: deterministic

23909 HAL9000 the Slicer (level 13, 0/68 HPs)
             Began as a Vine Stalker Assassin on Nov 17, 2019.
             Was a High Priest of Dithmenos.
             Slain by an entropy weaver (9 damage)
             ... on level 4 of the Lair of Beasts.
             The game lasted 00:50:15 (15190 turns).

HAL9000 the Slicer (Vine Stalker Assassin)         Turns: 15190, Time: 00:50:16

Health: 0/68       AC:  5    Str: 25    XL:     13   Next: 9%
Magic:  0/32       EV: 14    Int: 13    God:    Dithmenos [*****.]
Gold:   798        SH:  0    Dex: 19    Spells: 18/24 levels left

rFire    . . .     SeeInvis .   k - +2 scimitar (flame)
rCold    . . .     Gourm    .   (no shield)
rNeg     . . .     Faith    .   h - +0 leather armour
rPois    +         Spirit   +   (no helmet)
rElec    .         Reflect  .   l - +0 cloak of Qola {Str+4} (curse)
rCorr    .         Harm     .   W - +1 pair of gloves
MR       +....                  N - +2 pair of boots of Birdsong {Dex+2 Slay+3}
Stlth    +++++++...             x - amulet of the acrobat
HPRegen  1.01/turn              g - ring of magical power
MPRegen  0.23/turn              G - ring of poison resistance

@: mighty, corroded, wreathed by umbra
A: fangs 3, regeneration 2, magic shield, antimagic bite, no potion heal 3, rot
immunity
a: Shadow Step, Shadow Form, Renounce Religion


You were on level 4 of the Lair of Beasts.
You worshipped Dithmenos.
Dithmenos was extremely pleased with you.
You were hungry.

You visited 3 branches of the dungeon, and saw 13 of its levels.

You collected 798 gold pieces.

Inventory:

Hand Weapons
 a - a +1 dagger of venom
 e - a +1 short sword of protection
 k - a +2 scimitar of flaming (weapon)
 s - a +0 hunting sling
Missiles
 d - 35 poisoned darts (quivered)
 t - 365 stones
 F - a curare-tipped dart
Armour
 h - a +0 leather armour (worn)
 l - the cursed +0 cloak of Qola (worn) {Str+4}
   (You found it on level 4 of the Lair of Beasts)

   It affects your strength (+4).
   It has a curse placed upon it.
 N - the +2 pair of boots of Birdsong (worn) {Dex+2 Slay+3}
   (You found it on level 1 of the Lair of Beasts)

   It affects your dexterity (+2).
   It affects your accuracy and damage with ranged weapons and melee attacks
   (+3).
 W - a +1 pair of gloves (worn)
Jewellery
 g - a ring of magical power (left hand)
 x - an amulet of the acrobat (around neck)
 z - an uncursed ring of protection from cold
 G - a ring of poison resistance (right hand)
 H - a +6 amulet of reflection {unknown}
 J - an uncursed ring of protection from magic
 O - an uncursed ring of see invisible
 U - an uncursed amulet of regeneration {unknown}
Wands
 v - a wand of flame (29)
 C - a wand of iceblast (19)
 D - a wand of random effects (58)
 I - a wand of paralysis (16)
 L - a wand of disintegration (20)
 R - a wand of polymorph (10)
 V - a wand of digging (5)
Scrolls
 b - 8 scrolls of remove curse
 i - 3 scrolls of amnesia
 j - 8 scrolls of magic mapping {unknown}
 n - 3 scrolls of teleportation
 q - 3 scrolls of blinking {unknown}
 u - 2 scrolls of fog
 w - 3 scrolls of random uselessness {unknown}
 y - 2 scrolls of enchant weapon
 B - a scroll of fear
 K - a scroll of silence
 M - a scroll of enchant armour {unknown}
 P - a scroll of holy word
Potions
 c - a potion of lignification {unknown}
 m - 9 potions of curing
 o - 2 potions of agility
 p - 5 potions of mutation
 r - 2 potions of berserk rage
 A - a potion of might
 E - 2 potions of brilliance
 Q - a potion of ambrosia
 S - a potion of degeneration {unknown}
 T - 2 potions of flight
Comestibles
 f - 26 rations


   Skills:
 - Level 8.2 Fighting
 - Level 12.2(12.3) Short Blades
 + Level 2.1(8.3) Long Blades
 - Level 3.2(3.5) Slings
 - Level 1.7(2.7) Throwing
 - Level 4.1 Dodging
 - Level 10.1 Stealth
 - Level 6.0 Spellcasting
 - Level 9.2 Hexes
 - Level 1.8 Air Magic


You had 18 spell levels left.
You knew the following spells:

 Your Spells              Type           Power        Failure   Level  Hunger
a - Mephitic Cloud        Conj/Pois/Air  #.......     41%         3    ###....
b - Confuse               Hex            ####....     1%          3    ###....

Your spell library contained the following spells:

 Spells                   Type           Power        Failure   Level  Hunger
 Corona                   Hex            ####...      1%          1    None
 Tukima's Dance           Hex            ####....     1%          3    ###....
 Ensorcelled Hibernation  Hex/Ice        ###...       4%          2    ##.....
 Dazzling Spray           Conj/Hex       ###...       9%          3    ###....
 Beastly Appendage        Tmut           #.....       19%         1    None
 Sting                    Conj/Pois      #...         19%         1    None
 Poisonous Vapours        Pois/Air       #.....       21%         2    ##.....
 Sticks to Snakes         Tmut           #.......     28%         2    ##.....
 Spider Form              Tmut/Pois      #.........   50%         3    ###....
 Ice Form                 Ice/Tmut       #.......     88%         4    ####...
 Olgreb's Toxic Radiance  Pois           #.......     88%         4    ####...
 Blade Hands              Tmut           #.........   99%         5    ######.
 Bolt of Magma            Conj/Fire/Erth #.........   99%         5    ######.
 Iskenderun's Battlesphe  Conj/Chrm      #.......     99%         5    ######.
 Venom Bolt               Conj/Pois      #.........   99%         5    ######.
 Iron Shot                Conj/Erth      #.........   100%        6    #######
 Malign Gateway           Summ/Tloc      #.........   100%        7    #######
 Monstrous Menagerie      Summ           #.........   100%        7    #######
 Orb of Destruction       Conj           #.........   100%        7    #######
 Spellforged Servitor     Conj/Summ      #.........   100%        7    #######
 Summon Greater Demon     Summ           #.........   100%        7    #######
 Summon Horrible Things   Summ           #.........   100%        8    #######


Dungeon Overview and Level Annotations

Branches:
Dungeon (8/15)             Temple (1/1) D:5            Lair (4/6) D:8
  Swamp (0/4) Lair:3        Snake (0/4) Lair:2

Altars:
Ashenzari
Cheibriados
Dithmenos
Elyvilon
Fedhas
Hepliaklqana
Kikubaaqudgha
Makhleb
Nemelex Xobeh
Okawaru
Qazlal
Ru
Sif Muna
Trog
Uskayaw
Vehumet
Wu Jian
Xom
Yredelemnul
Zin
The Shining One


Innate Abilities, Weirdness & Mutations

You have razor-sharp teeth.
You heal very quickly.
When hurt, damage is shared between your health and your magic reserves.
Your bite disrupts and absorbs the magic of your enemies.
Potions cannot restore your health.
You are immune to rotting.


Message History

The entropy weaver is moderately wounded.
The entropy weaver hits you! The entropy weaver barely misses you.
The entropy weaver closely misses you. The entropy weaver hits you!
You closely miss the entropy weaver. You bite the entropy weaver!
The entropy weaver's magic leaks into the air.
You drain its magic.
You feel invigorated.
The entropy weaver is moderately wounded.
The entropy weaver hits you but does no damage.
The entropy weaver hits you! The entropy weaver hits you.
The entropy weaver hits you! The entropy weaver barely misses you.
The entropy weaver hits you! x2
* * * LOW HITPOINT WARNING * * *
The entropy weaver barely misses you.
You slash the entropy weaver! You burn the entropy weaver.
The entropy weaver is heavily wounded.
Your shadow hits the entropy weaver with a scimitar.
The entropy weaver hits you!
* * * LOW HITPOINT WARNING * * *
The entropy weaver hits you!
You die...

....#.).#
###...#.##
.#.#...##
#..#P....#
....^...#
#.####..##
.......##
##.#.#.##
#......#
##....#
..#....#
##...#
#.##...##
#..##
#..#....#
##.##
.......P# #@.#
........#####
#a.#
........#.#.##
#..###
..#........>.#
#.##.##
.......####..#
#.....#
......## ##.#
##.#..#
......# #P.#
##...##
#.#.### #..#
###..# .(##
##.#######<##


You could see an entropy weaver.

Vanquished Creatures
  3 hydras (Lair:3)
  Erica (D:7)
  Pikel (D:4)
  A lindwurm (Lair:3)
  3 black mambas (Lair:2)
  A guardian serpent (Lair:2)
  An elephant (Lair:3)
  5 rime drakes
  9 spiny frogs
  2 komodo dragons (Lair:2)
  2 queen bees (Lair:3)
  2 tyrant leeches (Lair:3)
  A blink frog (Lair:3)
  Prince Ribbit (D:7)
  3 hippogriffs
  21 yaks
  2 wyverns (Lair:3)
  2 steam dragons (Lair:3)
  3 basilisks
  A swamp worm (Lair:3)
  3 soldier ants
  9 porcupines
  Duvessa (D:5)
  6 water moccasins
  An orc warrior (D:7)
  4 slaves
  3 black bears
  2 phantoms
  2 ogres (D:7)
  A wolf (Lair:3)
  2 centaurs
  7 crocodiles
  A big kobold (D:8)
  9 bullfrogs
  Dowan (D:5)
  A water moccasin skeleton (D:7)
  5 scorpions
  52 killer bees
  7 wights
  3 crimson imps
  3 howler monkeys
  2 bullfrog zombies
  4 orc priests
  3 jellies (D:8)
  5 hounds
  14 orc wizards
  Ijyb (D:3)
  21 worker ants
  An iguana (D:4)
  A killer bee zombie (D:7)
  2 hound skeletons (D:4)
  A worker ant zombie (D:4)
  8 adders
  A river rat (Lair:3)
  A shadow imp (D:6)
  8 oozes
  An adder skeleton (D:8)
  A worm (D:3)
  2 dart slugs (D:2)
  6 leopard geckos
  31 orcs
  A ball python (D:4)
  2 giant cockroaches
  2 goblins (D:1)
  3 hobgoblins
  6 jackals
  13 kobolds
  A quokka (D:8)
  5 bats
  7 frilled lizards
  A giant cockroach zombie (D:5)
  A leopard gecko skeleton (D:4)
  6 rats
  A plant (D:8)
351 creatures vanquished.

Vanquished Creatures (others)
  7 fungi
  2 plants (Lair:2)
9 creatures vanquished.

Grand Total: 360 creatures vanquished

Notes
Turn   | Place    | Note
-------+----------+-------------------------------------------
     0 | D:1      | HAL9000 the Vine Stalker Assassin began the quest for the
                  | Orb.
     0 | D:1      | Reached XP level 1. HP: 11/11 MP: 2/2
    37 | D:1      | Reached skill level 2 in Short Blades
   138 | D:1      | Reached XP level 2. HP: 8/15 MP: 3/3
   812 | D:1      | Reached skill level 3 in Short Blades
   824 | D:1      | Reached XP level 3. HP: 18/18 MP: 4/4
  1529 | D:2      | Gained mutation: Your natural rate of healing is unusually
                  | fast. [Vine Stalker growth]
  1529 | D:2      | Reached XP level 4. HP: 23/23 MP: 5/5
  1772 | D:3      | Reached skill level 4 in Short Blades
  2051 | D:3      | Found a shimmering altar of Xom.
  2160 | D:3      | Noticed Ijyb
  2163 | D:3      | Killed Ijyb
  2163 | D:3      | Reached XP level 5. HP: 26/26 MP: 6/6
  2187 | D:3      | Found a shimmering altar of Xom.
  2191 | D:3      | Found a shimmering altar of Xom.
  2191 | D:3      | Found a shimmering altar of Xom.
  2194 | D:3      | Found a shimmering altar of Xom.
  2194 | D:3      | Found a shimmering altar of Xom.
  2348 | D:3      | Reached skill level 5 in Short Blades
  2963 | D:4      | Reached XP level 6. HP: 15/30 MP: 7/7
  3093 | D:4      | Noticed a slave
  3096 | D:4      | Noticed Pikel
  3096 | D:4      | Noticed a slave
  3097 | D:4      | Killed a slave
  3144 | D:4      | Killed a slave
  3185 | D:4      | Noticed a slave
  3232 | D:3      | Killed a slave
  3277 | D:4      | Noticed a slave
  3300 | D:3      | Killed a slave
  3433 | D:4      | Found a bloodstained altar of Trog.
  3503 | D:4      | Reached skill level 6 in Short Blades
  3585 | D:4      | Killed Pikel
  3585 | D:4      | Reached skill level 7 in Short Blades
  3585 | D:4      | Reached XP level 7. HP: 31/34 MP: 8/8
  4165 | D:5      | Entered Level 5 of the Dungeon
  4168 | D:5      | Found a basalt altar of Yredelemnul.
  4192 | D:4      | Reached skill level 8 in Short Blades
  4352 | D:4      | Gained mutation: You have razor-sharp teeth. [Vine Stalker
                  | growth]
  4352 | D:4      | Reached XP level 8. HP: 18/38 MP: 7/9
  4701 | D:5      | Noticed Duvessa
  4855 | D:5      | Reached skill level 9 in Short Blades
  5232 | D:5      | Noticed Dowan
  5319 | D:5      | Found a staircase to the Ecumenical Temple.
  5558 | D:5      | Killed Duvessa
  5558 | D:5      | Reached skill level 10 in Short Blades
  5565 | D:5      | Killed Dowan
  5600 | D:5      | Reached XP level 9. HP: 39/42 MP: 10/10
  5830 | Temple   | Entered the Ecumenical Temple
  6063 | Temple   | Became a worshipper of Dithmenos the Shadowed
  6111 | D:5      | Found a glowing golden altar of the Shining One.
  6179 | D:6      | Reached skill level 1 in Slings
  6179 | D:6      | Reached skill level 5 in Stealth
  7194 | D:7      | Reached * piety under Dithmenos
  7393 | D:7      | Found an ancient bone altar of Kikubaaqudgha.
  7400 | D:7      | Found a glowing silver altar of Zin.
  7550 | D:7      | Found an ornate altar of the Wu Jian Council.
  7603 | D:7      | Noticed Prince Ribbit
  7637 | D:7      | Killed Prince Ribbit
  7637 | D:7      | Reached skill level 10 in Stealth
  7796 | D:7      | Reached XP level 10. HP: 24/46 MP: 11/11
  8174 | D:8      | Found a staircase to the Lair.
  8197 | D:8      | Reached skill level 11 in Short Blades
  8468 | D:8      | Reached ** piety under Dithmenos
  8647 | D:8      | Noticed Erica
  9391 | D:7      | Killed Erica
  9391 | D:7      | Reached skill level 12 in Short Blades
  9431 | Lair:1   | Entered Level 1 of the Lair of Beasts
  9446 | Lair:1   | Learned a level 3 spell: Mephitic Cloud
  9497 | Lair:1   | Noticed a spiny frog
  9504 | Lair:1   | Killed a spiny frog
  9504 | Lair:1   | Reached skill level 1 in Spellcasting
  9504 | Lair:1   | Reached skill level 1 in Air Magic
  9536 | Lair:1   | Learned a level 3 spell: Confuse
  9557 | Lair:1   | Reached skill level 1 in Hexes
  9629 | Lair:1   | Noticed a spiny frog
  9638 | Lair:1   | Killed a spiny frog
  9646 | Lair:1   | Noticed a spiny frog
  9877 | Lair:1   | Reached XP level 11. HP: 52/52 MP: 15/15
 10004 | Lair:1   | Reached skill level 5 in Fighting
 10108 | Lair:1   | Got a pair of twisted boots
 10119 | Lair:1   | Identified the +2 pair of boots of Birdsong {Dex+2 Slay+3}
                  | (You found it on level 1 of the Lair of Beasts)
 10170 | Lair:1   | Reached *** piety under Dithmenos
 10302 | Lair:1   | You fall into a shaft and drop 1 floor!
 10398 | Lair:2   | Found a staircase to the Snake Pit.
 11198 | Lair:2   | Reached skill level 5 in Spellcasting
 12009 | Lair:3   | Reached skill level 5 in Hexes
 12081 | Lair:3   | Reached **** piety under Dithmenos
 12143 | Lair:3   | Gained mutation: You heal very quickly. [Vine Stalker
                  | growth]
 12143 | Lair:3   | Reached XP level 12. HP: 38/60 MP: 22/22
 12788 | Lair:3   | Noticed a seven-headed hydra
 12802 | Lair:3   | Killed a four-headed hydra
 12844 | Lair:3   | Noticed a seven-headed hydra
 12853 | Lair:3   | Killed a three-headed hydra
 12855 | Lair:3   | Noticed a seven-headed hydra
 12966 | Lair:3   | Reached skill level 1 in Dodging
 13134 | Lair:3   | Reached ***** piety under Dithmenos
 13454 | Lair:3   | Killed a five-headed hydra
 13630 | Lair:3   | Found a staircase to the Swamp.
 14412 | Lair:4   | Noticed a queen ant
 14425 | Lair:4   | Noticed an entropy weaver
 14517 | Lair:4   | Reached XP level 13. HP: 68/68 MP: 23/23
 14832 | Lair:4   | Noticed an entropy weaver
 14971 | Lair:3   | Reached skill level 1 in Long Blades
 15022 | Lair:4   | Got a faintly humming cloak
 15035 | Lair:4   | Identified the cursed +0 cloak of Qola {Str+4} (You found
                  | it on level 4 of the Lair of Beasts)
 15190 | Lair:4   | Slain by an entropy weaver

Levels and vault maps discovered:
D:1:      dpeg_arrival_shrine, layout_basic, minmay_misc_feat_cross
D:2:      layout_basic, minmay_misc_feat_columns
D:3:      layout_loops_ring, xom_redecorated, uniq_ijyb
D:4:      layout_loops_ring, lightli_temple_of_fire, uniq_pikel
D:5:      layout_rooms, old_standard_altar, yredelemnul_altar_generic,
          minmay_temple_entry_drinking_statues, first_ration, uniq_duvessa
D:6:      layout_loops_ring
D:7:      layout_loops_ring, lemuel_coloured_pillars_altar,
          amethyst_overflow_temple_binary, uniq_prince_ribbit1
D:8:      layout_cave_pools, due_lair_maze_entry_diamond,
          hangedman_little_slice_of_home, uniq_erica
Temple:   eino_temple_water
Lair:1:   layout_regular_city
Lair:2:   layout_chaotic_city, minmay_snake_entry_spellcaster
Lair:3:   regret_index_combs_of_tragedy, layout_cave_pods,
          minmay_swamp_entry_worms, special_room [special_room_bee],
          nicolae_volcano_entry_s_turn, portal_ice_cave_rime
Lair:4:   layout_loops_ring, minmay_another_anthill

Skill      XL: |  1  2  3  4  5  6  7  8  9 10 11 12 13 |
---------------+----------------------------------------+-----
Short Blades   | 2 3 4 5 7 8 10 12 | 12.2
Slings         | 3 |  3.2
Stealth        | 10 | 10.1
Spellcasting   | 2 6 |  6.0
Air Magic      | 1 |  1.8
Hexes          | 1 6 9 |  9.2
Fighting       | 3 5 7 8 |  8.2
Dodging        | 3 4 |  4.1
Long Blades    | 2 |  2.1
Throwing       | |  1.7

Action                   |  1- 3 |  4- 6 |  7- 9 | 10-12 | 13-15 || total
-------------------------+-------+-------+-------+-------+-------++-------
Melee: Dagger            |    97 |   202 |   291 |    59 |       ||   649
       Bite              |    20 |    52 |   102 |   406 |    46 ||   626
       Short sword       |       |       |    38 |  1046 |   100 ||  1184
       Scimitar          |       |       |       |    17 |     3 ||    20
 Fire: Hunting sling     |       |       |    45 |    11 |       ||    56
Throw: Dart              |       |    22 |    26 |     5 |       ||    53
 Cast: Confuse           |       |       |       |     2 |     1 ||     3
Evoke: Wand              |       |     5 |     4 |     6 |       ||    15
  Use: Scroll            |       |     2 |    10 |    14 |       ||    26
       Potion            |       |       |       |       |     1 ||     1
 Stab: Sleeping          |     8 |    11 |    16 |    22 |     2 ||    59
       Distracted        |       |       |     2 |     4 |       ||     6
       Confused          |       |       |       |     1 |     2 ||     3
  Eat: Chunk             |     2 |     6 |    10 |    23 |     1 ||    42
       Ration            |       |       |     1 |       |       ||     1
Armor: Robe              |    12 |       |       |       |       ||    12
       Leather armour    |     9 |    33 |    58 |   234 |    14 ||   348
Dodge: Dodged            |    59 |    70 |   142 |   526 |    58 ||   855
       Rpst.: Scimitar   |       |       |       |     2 |     1 ||     3

Table legend:
 A = Non-vault XP
 B = Vault XP
 C = Vault XP percentage of total XP
 D = Non-vault monster count
 E = Vault monster count
 F = Vault count percentage of total count
                 A         B        C        D         E       F
            +---------+---------+-------+---------+---------+-------
      Total |   20447 |   13709 |  40.1 |     231 |     115 |  33.2
            +---------+---------+-------+---------+---------+-------
        D:1 |      39 |       0 |   0.0 |      22 |       0 |   0.0
        D:2 |      44 |       0 |   0.0 |      13 |       0 |   0.0
        D:3 |     121 |      36 |  22.9 |      20 |       1 |   4.8
        D:4 |     574 |     629 |  52.3 |      25 |       1 |   3.8
        D:5 |     711 |     221 |  23.7 |      21 |       2 |   8.7
        D:6 |     978 |       0 |   0.0 |      20 |       0 |   0.0
        D:7 |    1139 |    1674 |  59.5 |      20 |       6 |  23.1
        D:8 |     836 |     883 |  51.4 |      31 |      15 |  32.6
     Lair:1 |    4002 |       0 |   0.0 |      15 |       0 |   0.0
     Lair:2 |    3692 |     442 |  10.7 |      15 |       1 |   6.2
     Lair:3 |    5975 |    9176 |  60.6 |      16 |      77 |  82.8
     Lair:4 |    2336 |     648 |  21.7 |      13 |      12 |  48.0
            +---------+---------+-------+---------+---------+-------
